 Dungeon Crawl Stone Soup version 0.17-a0-977-g4154171 (webtiles) character file.

3110 Hanyuu the Martial Artist (level 9, -4/56 HPs)
             Began as an Octopode Transmuter on May 10, 2015.
             Was an Elder of Makhleb.
             Slain by Joseph
             ... wielding a +0 quarterstaff
              (16 damage)
             ... on level 8 of the Dungeon.
             The game lasted 00:34:56 (9033 turns).

Hanyuu the Martial Artist (Octopode Transmuter)     Turns: 9033, Time: 00:34:56

Health: -4/56      AC:  2    Str: 10    XL:     9   Next: 91%
Magic:  6/13       EV: 22    Int: 18    God:    Makhleb [****..]
Gold:   414        SH:  0    Dex: 20    Spells: 5 memorised, 2 levels left

rFire  . . .     SeeInvis +       - Unarmed
rCold  . . .     Clarity  .     (shield currently unavailable)
rNeg   . . .     SustAb   .     (helmet currently unavailable)
rPois  x         Gourm    .     (no amulet)
rElec  .         Spirit   .     w - ring of see invisible
rCorr  .         Warding  .     o - +3 ring of dexterity
rMut   .         Stasis   .     (no ring)
MR     .....                    (no ring)
Stlth  ++........               (no ring)
                                (no ring)
                                (no ring)
                                (no ring)

@: spider-form, very slightly contaminated, repel missiles, drained, not
resistant to hostile enchantments, unstealthy
A: almost no armour, amphibious, 8 rings, (constrict 8), (camouflage 0),
(gelatinous body 0)
a: End Transformation, Minor Destruction, Lesser Servant of Makhleb, Major
Destruction, Renounce Religion


You were on level 8 of the Dungeon.
You worshipped Makhleb.
Makhleb was greatly pleased with you.
You were near starving.
You were a venomous arachnid creature.
You visited 1 branch of the dungeon, and saw 8 of its levels.

You collected 414 gold pieces.

Inventory:

Hand weapons
 a - a +0 blowgun
 z - a +1 short sword of venom
Missiles
 e - 30 arrows
 u - 13 tomahawks (quivered)
 y - 20 poisoned needles
 D - 2 throwing nets
Jewellery
 o - a +3 ring of dexterity (right front leg)
 t - an uncursed ring of teleportation
 w - a ring of see invisible (left front leg)
Magical devices
 d - a wand of random effects (17)
 x - a wand of frost (15)
 B - a wand of polymorph (17)
Scrolls
 g - 3 scrolls of blinking
 h - a scroll of brand weapon {unknown}
 j - a scroll of recharging
 p - 6 scrolls of remove curse
 q - 5 scrolls of enchant armour
Potions
 f - 2 potions of heal wounds
 k - a potion of cancellation
 l - 2 potions of curing
 m - a potion of flight
 n - 3 potions of agility
 s - a potion of haste
 v - 2 potions of brilliance
 C - a potion of mutation
Books
 b - a book of Changes

   Spells                             Type                      Level
   a - Beastly Appendage              Transmutation                1
   b - Sticks to Snakes               Transmutation                2
   c - Spider Form                    Transmutation/Poison         3
   d - Ice Form                       Ice/Transmutation            4
   e - Blade Hands                    Transmutation                5
 E - a book of Minor Magic

   Spells                             Type                      Level
   a - Magic Dart                     Conjuration                  1
   b - Blink                          Translocation                2
   c - Call Imp                       Summoning                    2
   d - Repel Missiles                 Charms/Air                   2
   e - Slow                           Hexes                        2
   f - Conjure Flame                  Conjuration/Fire             3
   g - Mephitic Cloud                 Conjuration/Poison/Air       3
Comestibles
 c - 7 bread rations
 i - 3 meat rations
 r - 2 fruits


   Skills:
 - Level 3.0(2.2) Fighting
 - Level 2.0(1.3) Throwing
 - Level 4.2(3.4) Dodging
 * Level 10.9(10.0) Unarmed Combat
 + Level 3.0(2.2) Spellcasting
 - Level 5.0(4.3) Transmutations
 - Level 3.5(2.8) Invocations


You had 2 spell levels left.
You knew the following spells:

 Your Spells              Type           Power        Failure   Level  Hunger
a - Beastly Appendage     Trmt           ###...       12%         1    #......
b - Sticks to Snakes      Trmt           ###.......   17%         2    ##.....
c - Spider Form           Trmt/Pois      #.........   45%         3    ###....
d - Ice Form              Ice/Trmt       #.......     91%         4    #####..
e - Repel Missiles        Chrm/Air       #.....       50%         2    ##.....


Dungeon Overview and Level Annotations

Branches:
Dungeon (8/15)             Temple (0/1) D:5            Lair (0/8) D:8

Altars:
Dithmenos
Elyvilon
Fedhas
Makhleb
Nemelex Xobeh
Ru
Sif Muna
Trog
Vehumet
The Shining One

Shops:
D:5 %

Annotations:
D:8 Erolcha, Joseph


Innate Abilities, Weirdness & Mutations

You cannot wear most types of armour.
You are amphibious.
You can wear up to eight rings at the same time.
((You can use your tentacles to constrict eight enemies at once.))
((Your skin changes colour to match your surroundings (Stealth).))
((Your rubbery body absorbs attacks (AC +1).))


Message History

You closely miss Joseph.
Joseph is moderately wounded.
Joseph hits you with an uncursed quarterstaff!
You hit Joseph.
Joseph is moderately wounded.
You hit Joseph.
Joseph is moderately wounded.
Joseph hits you with an uncursed quarterstaff!
You bite Joseph!
Joseph is heavily wounded.
Joseph hits you with an uncursed quarterstaff!
* * * LOW HITPOINT WARNING * * *
Drink which item? (? for menu, Esc to quit)
Okay, then.
You hit Joseph.
Joseph is severely wounded.
You bite Joseph!
Joseph is severely wounded.
Joseph hits you with an uncursed quarterstaff!
You die...

....#......................##
...##.....@.............###.#
..##....#.............### ###
..#....###...........##
..#...####..........##
......##....(......##
.....##.....#......#
#...##....#######@.#
........### ##s..## ##.....##
##.....####### ##..###
##...##.......# ##.#
##..####.####### #)# #.###
### ### ###


You could see Joseph.

Vanquished Creatures
  The ghost of Hanyuu the Insei, an average OpTm (D:4)
  A hippogriff (D:5)
  Duvessa (D:7)
  A sky beast (D:5)
  2 black bears
  An ice beast (D:7)
  A wasp (D:7)
  3 ogres
  2 phantoms
  A centaur (D:7)
  Blork the orc (D:6)
  A crocodile (D:7)
  Dowan (D:7)
  3 scorpions
  9 wights
  3 killer bees (D:7)
  2 hounds (D:6)
  2 crimson imps
  A giant frog zombie (D:7)
  An orc priest (D:7)
  A giant frog skeleton (D:4)
  3 iguanas
  A jelly (D:6)
  A centaur skeleton (D:4)
  8 worker ants
  3 orc wizards
  4 adders
  9 gnolls
  3 river rats (D:7)
  A shadow imp (D:6)
  An ooze (D:2)
  An adder skeleton (D:6)
  2 worms
  A giant gecko (D:3)
  18 orcs
  A bat skeleton (D:7)
  2 giant cockroaches
  8 hobgoblins
  16 kobolds
  8 quokkas
  10 bats
  A giant gecko skeleton (D:4)
  7 giant newts
  A giant spore (D:7)
  17 goblins
  A jackal zombie (D:5)
  34 rats
  5 ballistomycetes (D:7)
  4 plants (D:7)
210 creatures vanquished.

Vanquished Creatures (others)
  An orc (D:7)
  A quokka (D:7)
  3 butterflies (D:7)
5 creatures vanquished.

Grand Total: 215 creatures vanquished

Notes
Turn   | Place    | Note
--------------------------------------------------------------
     0 | D:1      | Hanyuu, the Octopode Transmuter, began the quest for the Orb.
     0 | D:1      | Reached XP level 1. HP: 13/13 MP: 3/3
   243 | D:1      | Reached XP level 2. HP: 18/18 MP: 5/5
   568 | D:1      | Learned a level 2 spell: Sticks to Snakes
   747 | D:2      | Reached skill level 4 in Unarmed Combat
   792 | D:2      | Reached XP level 3. HP: 20/23 MP: 6/6
   797 | D:2      | Learned a level 3 spell: Spider Form
  1300 | D:2      | Found a sacrificial altar of Ru.
  1300 | D:2      | Found a bloodstained altar of Trog.
  1402 | D:2      | Found a glowing golden altar of the Shining One.
  1845 | D:3      | Reached XP level 4. HP: 21/28 MP: 7/7
  2168 | D:3      | Found a burning altar of Makhleb.
  2168 | D:3      | Found a radiant altar of Vehumet.
  2174 | D:3      | Reached skill level 5 in Unarmed Combat
  2181 | D:3      | Became a worshipper of Makhleb the Destroyer
  2371 | D:3      | Reached XP level 5. HP: 22/33 MP: 4/8
  2543 | D:3      | Reached skill level 6 in Unarmed Combat
  3275 | D:4      | Acquired Makhleb's first power
  3613 | D:4      | Noticed Hanyuu's ghost (average OpTm)
  3625 | D:4      | Killed Hanyuu's ghost
  3625 | D:4      | Reached XP level 6. HP: 25/38 MP: 2/9
  3692 | D:4      | Reached skill level 7 in Unarmed Combat
  3873 | D:4      | Reached XP level 7. HP: 28/43 MP: 7/10
  4468 | D:5      | Entered Level 5 of the Dungeon
  4471 | D:5      | Found a staircase to the Ecumenical Temple.
  4907 | D:5      | Noticed a hippogriff
  4922 | D:5      | Killed a hippogriff
  4943 | D:5      | Learned a level 4 spell: Ice Form
  4978 | D:5      | Found Xeimosk's Food Shop.
  5084 | D:5      | Acquired Makhleb's second power
  5122 | D:5      | Reached skill level 8 in Unarmed Combat
  5331 | D:5      | Reached XP level 8. HP: 41/51 MP: 11/11
  5597 | D:6      | Reached skill level 1 in Throwing
  5685 | D:6      | Found a shadowy altar of Dithmenos.
  5909 | D:6      | Reached skill level 9 in Unarmed Combat
  5909 | D:6      | Reached skill level 5 in Transmutations
  6044 | D:6      | Noticed Blork the orc
  6058 | D:6      | Killed Blork the orc
  6120 | D:6      | Found a blossoming altar of Fedhas.
  6250 | D:6      | Reached skill level 1 in Invocations
  6300 | D:7      | Noticed Duvessa
  6309 | D:7      | Noticed Dowan
  6330 | D:7      | Killed Duvessa
  6330 | D:7      | Reached XP level 9. HP: 44/56 MP: 2/12
  6401 | D:7      | Killed Dowan
  6499 | D:7      | Found a deep blue altar of Sif Muna.
  6553 | D:7      | Acquired Makhleb's third power
  6875 | D:7      | Found a sparkling altar of Nemelex Xobeh.
  6960 | D:7      | Reached skill level 10 in Unarmed Combat
  7171 | D:7      | Found a white marble altar of Elyvilon.
  7662 | D:7      | Acquired Makhleb's fourth power
  7740 | D:7      | Learned a level 2 spell: Repel Missiles
  8836 | D:8      | Noticed Erolcha
  8853 | D:8      | Found a staircase to the Lair.
  8989 | D:8      | Noticed Joseph
  9033 | D:8      | Slain by Joseph

Vault maps used:
D:1:      saegor_arrival_miasma
D:2:      minmay_door_path, gammafunk_temple_overflow_elements, tso_metal_star
D:3:      grunt_temple_overflow_lords_of_destruction, minmay_rat_hole
D:4:      first_bread, kennysheep_small_spiral
D:5:      minmay_temple_entry_junction, serial_shops, shop
D:6:      overflow_temple_1_default, basic_altar, uniq_blork_the_orc
D:7:      wad_woods_settlement, nicolae_overflow_crystal_walls, basic_altar,
          elyvilon_altar_4, uniq_duvessa
D:8:      lair_0_dummy, uniq_joseph, uniq_maurice, uniq_erolcha

Action                   |  1- 3 |  4- 6 |  7- 9 || total
-------------------------+-------+-------+-------++-------
Melee: Unarmed           |   116 |   111 |   329 ||   556
 Fire: Blowgun           |       |    12 |    53 ||    65
Throw: Tomahawk          |       |       |     3 ||     3
 Cast: Beastly Appendage |     3 |     1 |     3 ||     7
       Spider Form       |     1 |     5 |    18 ||    24
       Repel Missiles    |       |       |     1 ||     1
Evoke: Wand              |       |     3 |     2 ||     5
  Use: Scroll            |     4 |     9 |     7 ||    20
       Potion            |       |       |     2 ||     2
 Stab: Sleeping          |     3 |     5 |    15 ||    23
       Distracted        |       |       |     1 ||     1
  Eat: Chunk             |     3 |     6 |     9 ||    18
       Beef jerky        |       |     1 |       ||     1
       Meat ration       |       |       |     1 ||     1
       Fruit             |       |       |     2 ||     2
       Pizza             |       |       |     1 ||     1
